 Dungeon Crawl Stone Soup version 0.27.0-1-g7a089689b8 (webtiles) character file.

Game seed: 18383795576087298136

6 inmateoo the Skirmisher (level 1, -3/19 HPs)
             Began as a Ghoul Chaos Knight on Aug 12, 2021.
             Was a Plaything of Xom.
             Slain by a gnoll (5 damage)
             ... on level 2 of the Dungeon.
             The game lasted 00:00:10 (202 turns).

inmateoo the Skirmisher (Ghoul Chaos Knight)         Turns: 202, Time: 00:00:10

Health: -3/19      AC:  5    Str: 15    XL:     1   Next: 90%
Magic:  0/0        EV: 11    Int:  7    God:    Xom [..*...]
Gold:   5          SH:  0    Dex:  8    Spells: 0/0 levels left

rFire    . . .     SeeInvis .   a - +0 hand axe (chaos)
rCold    + . .     Faith    .   (no shield)
rNeg     + + +     Spirit   .   b - +2 leather armour
rPois    ∞         Reflect  .   (no helmet)
rElec    .         Harm     .   (no cloak)
rCorr    .         Rampage  .   (no gloves)
Will     .....                  (no boots)
Stlth    +.........             (no amulet)
HPRegen  0.00/turn              (no ring)
MPRegen  0.07/turn              (no ring)

@: inhibited regen
A: claws 1, cold resistance 1, negative energy resistance 3, inhibited
regeneration, torment resistance 2
a: Renounce Religion


You were on level 2 of the Dungeon.
You worshipped Xom.
You were a toy of Xom.
You visited 1 branch of the dungeon, and saw 2 of its levels.

You collected 5 gold pieces.

Inventory:

Hand Weapons
 a - a +0 hand axe of chaos (weapon)
Armour
 b - a +2 leather armour (worn)


   Skills:
 + Level 3.3 Fighting
 * Level 2.8 Axes
 + Level 1.9 Armour
 + Level 1.0 Dodging


You couldn't memorise any spells.
You didn't know any spells.
Your spell library was empty.

Dungeon Overview and Level Annotations

Branches:
Dungeon (2/15)

Altars:


Innate Abilities, Weirdness & Mutations

You thrive by killing the living.
You are immune to poison.
You have sharp fingernails.
Your flesh is cold resistant. (rC+)
You are immune to negative energy. (rN+++)
You do not regenerate when monsters are visible.
You are immune to unholy pain and torment.


Message History

The gnoll barely misses you. The frilled lizard misses you.
The jackal barely misses you. The gnoll hits you but does no damage.
The frilled lizard misses you.
There is a stone staircase leading down here.
The jackal bites you but does no damage.
The gnoll barely misses you. The frilled lizard closely misses you.
You climb downwards.
There is a stone staircase leading up here.
You barely miss the jackal. You closely miss the frilled lizard.
The jackal bites you but does no damage. x2
The gnoll hits you but does no damage. The frilled lizard barely misses you.
You hit the jackal.
The jackal is moving more slowly.
The jackal is heavily wounded.
You hit the frilled lizard.
The frilled lizard seems to slow down.
You freeze the frilled lizard.
You kill the frilled lizard!
The jackal bites you but does no damage.
The gnoll hits you but does no damage. The jackal closely misses you.
You hit the jackal.
The jackal seems to slow down.
The jackal is heavily wounded.
The gnoll closely misses you. The jackal bites you.
You hit the jackal.
The jackal is almost dead.
The gnoll barely misses you. The jackal bites you.
The gnoll hits you but does no damage.
You hit the jackal.
You kill the jackal!
The gnoll hits you but does no damage. The gnoll misses you.
You barely miss the gnoll. The gnoll hits you with a +0 spear.
You barely miss the gnoll. The gnoll hits you with a +0 spear.
You barely miss the gnoll. The gnoll hits you with a +0 spear.
* * * LOW HITPOINT WARNING * * *
You are too injured to fight recklessly!
You hit the gnoll.
The gnoll seems to grow stronger.
Xom thinks this is hilarious!
The gnoll is moderately wounded.
The gnoll hits you with a +0 spear.
You die...
Xom is highly amused! .############## ......g@<†....# .############.#

You could see a gnoll (strong).

Vanquished Creatures
  An endoplasm (D:2)
  A goblin (D:1)
  2 jackals (D:2)
  A frilled lizard (D:2)
5 creatures vanquished.

Notes
Turn   | Place    | Note
-------+----------+-------------------------------------------
     0 | D:1      | inmateoo the Ghoul Chaos Knight began the quest for the
                  | Orb.
     0 | D:1      | Reached XP level 1. HP: 19/19 MP: 0/0
    42 | D:1      | XOM: silly message
    53 | D:1      | XOM: silly message
    58 | D:2      | Reached skill level 1 in Dodging
   202 | D:2      | Slain by a gnoll

Illustrated notes

Levels and vault maps discovered:
D:1:      giann_wishing_wells, layout_loops_cross, columned_hall_lemuel,
          minmay_heptomino_o4
D:2:      layout_loops_ring, serial_shops, shop

Skill      XL: |  1 |
---------------+----+-----
Dodging        | 1 |  1.0
Fighting       | |  3.3
Axes           | |  2.8
Armour         | |  1.9

Action                   || total
-------------------------++-------
Melee: Hand axe          ||    16
Armor: Leather armour    ||    12
Dodge: Dodged            ||    16
